 Dungeon Crawl Stone Soup version 0.28.0-53-g5a82cb258f (webtiles) character file.

Game seed: 15823766146986346991

19530 issech the Cleaver (level 12, -2/99 HPs)
             Began as a Minotaur Monk on June 26, 2022.
             Was the Champion of Hepliaklqana.
             Slain by a cyan ugly thing (3 damage)
             ... on level 13 of the Dungeon.
             The game lasted 00:46:50 (13880 turns).

issech the Cleaver (Minotaur Monk)                 Turns: 13880, Time: 00:46:51

Health: -2/99      AC: 25    Str: 20    XL:     12   Next: 37%
Magic:  11/11      EV:  8    Int:  7    God:    Hepliaklqana [******]
Gold:   654        SH:  7    Dex: 18    Spells: 11/11 levels left

rFire   + + .      SeeInvis .   X - +4 falchion of Dewewn {pain, Will+ Str+4}
rCold   + . .      Faith    .   P - +1 buckler {AC+3}
rNeg    . . .      Spirit   .   a - +0 plate armour
rPois   +          Reflect  .   (helmet restricted)
rElec   .          Harm     .   O - +2 cloak {rPois}
rCorr   .          Rampage  .   k - +0 pair of gloves
Will    +....                   M - +0 pair of boots
Stlth   ..........              S - amulet of regeneration
HPRegen 1.06/turn               i - ring of protection from fire
MPRegen 0.12/turn               H - ring "Quyzuvuc" {rF+ rC+ AC+4}

@: corroded
A: reduced essence, horns 2, retaliatory headbutt
a: Renounce Religion, Recall Ancestor, Ancestor Identity, Transference, Idealise


You were on level 13 of the Dungeon.
You worshipped Hepliaklqana.
Hepliaklqana was exalted by your worship.
You visited 2 branches of the dungeon, and saw 15 of its levels.

You collected 665 gold pieces.
You spent 11 gold pieces at shops.

Inventory:

Hand Weapons
 p - a +0 hunting sling
 N - a +3 mace
 R - a +4 hand axe of electrocution
 X - the +4 falchion of Dewewn (weapon) {pain, Will+ Str+4}
   (You found it on level 12 of the Dungeon)

   In the hands of one skilled in necromantic magic, it inflicts extra damage on
   living creatures.
   Str:       It affects your strength (+4).
   Will:      It increases your willpower.
Missiles
 d - 61 sling bullets
 g - 378 stones (quivered)
 r - 73 bolts
 s - 8 poisoned darts
 y - a curare-tipped dart
 I - 5 silver boomerangs
 K - 371 arrows
 L - 2 atropa-tipped darts
Armour
 a - a +0 plate armour (worn)
 h - a +0 troll leather armour
 k - a +0 pair of gloves (worn)
 A - +0 acid dragon scales
 B - a +0 robe of the Archmagi
 M - a +0 pair of boots (worn)
 O - a +2 cloak of poison resistance (worn)
 P - a +1 buckler of protection (worn)
Jewellery
 b - a ring of wizardry
 f - an amulet of magic regeneration
 i - a ring of protection from fire (left hand)
 u - a ring of protection from fire
 H - the ring "Quyzuvuc" (right hand) {rF+ rC+ AC+4}
   (You found it on level 12 of the Dungeon)

   [ring of protection]

   AC:        It affects your AC (+4).
   rF:        It protects you from fire.
   rC:        It protects you from cold.
 S - an amulet of regeneration (around neck)
 T - a ring of fire
Wands
 v - a wand of polymorph (3)
 F - a wand of charming (6)
 W - a wand of flame (5)
Scrolls
 j - 2 scrolls of summoning
 l - 3 scrolls of enchant armour
 o - 9 scrolls of teleportation
 w - 2 scrolls of fog
 C - a scroll of amnesia
 E - 2 scrolls of holy word
 U - 3 scrolls of fear {unknown}
 V - a scroll of magic mapping {unknown}
 Y - 3 scrolls of immolation {unknown}
Potions
 c - 2 potions of ambrosia {unknown}
 e - 2 potions of resistance {unknown}
 m - 4 potions of curing
 n - a potion of berserk rage {unknown}
 t - a potion of might {unknown}
 x - 2 potions of brilliance {unknown}
 z - 9 potions of attraction {unknown}
 D - 2 potions of haste {unknown}
 G - 2 potions of lignification {unknown}
 J - a potion of magic {unknown}
 Q - 2 potions of heal wounds {unknown}
 Z - a potion of invisibility {unknown}
Miscellaneous
 q - a phantom mirror


   Skills:
 + Level 11.0 Fighting
 + Level 3.5 Long Blades
 + Level 14.5 Axes
 + Level 4.1(4.2) Slings
 + Level 0.8(2.4) Throwing
 + Level 13.3 Armour
 + Level 4.3 Dodging
 + Level 4.1 Stealth
 + Level 7.0 Shields


You had 11 spell levels left.
You didn't know any spells.
Your spell library contained the following spells:

 Spells                   Type           Power      Damage    Failure   Level
 Animate Skeleton         Necr           0%         N/A       100%        1
 Apportation              Tloc           0%         N/A       100%        1
 Pain                     Necr           0%         1d4       100%        1
 Summon Small Mammal      Summ           0%         N/A       100%        1
 Dazzling Flash           Conj/Hex       0%         N/A       100%        3
 Vampiric Draining        Necr           0%         2d6       100%        3
 Hailstorm                Conj/Ice       0%         3d3       100%        4
 Ice Form                 Ice/Tmut       0%         N/A       100%        4
 Agony                    Necr           0%         N/A       100%        5
 Silence                  Hex/Air        0%         N/A       100%        5
 Simulacrum               Ice/Necr       0%         N/A       100%        6


Dungeon Overview and Level Annotations

Branches:
Dungeon (14/15)            Temple (1/1) D:4            Lair (0/6) D:11
    Orc (0/2) D:11
 Vaults: D:13-14

Altars:
Ashenzari
Cheibriados
Dithmenos
Elyvilon
Fedhas
Gozag
Hepliaklqana
Kikubaaqudgha
Makhleb
Nemelex Xobeh
Okawaru
Qazlal
Ru
Sif Muna
Trog
Uskayaw
Vehumet
Wu Jian
Xom
Yredelemnul
Zin
The Shining One

Shops:
D:2 (   D:3 !   D:9 =


Innate Abilities, Weirdness & Mutations

Your life essence is reduced to manifest your ancestor. (-10% HP)
You have a pair of horns on your head.
You reflexively headbutt those who attack you in melee.


Message History

You headbutt the cyan ugly thing, but do no damage.
The brown ugly thing bites you.
You are splashed with acid!
You hit the cyan ugly thing.
The cyan ugly thing is almost dead.
The brown ugly thing bites you but does no damage.
You block the cyan ugly thing's attack.
The brown ugly thing basks in the mutagenic energy from its kin and changes!
The brown ugly thing bites you!
You are splashed with acid.
The cyan ugly thing barely misses you.
You hit the cyan ugly thing. You headbutt the cyan ugly thing.
The cyan ugly thing is almost dead.
You block the cyan ugly thing's attack. The brown ugly thing bites you.
The acid corrodes you!
You are splashed with acid!
You closely miss the cyan ugly thing.
Your headbutt misses the cyan ugly thing.
The cyan ugly thing is almost dead.
The cyan ugly thing gores you. The cyan ugly thing shocks you!
The brown ugly thing barely misses you.
You hit the cyan ugly thing but do no damage.
The cyan ugly thing is almost dead.
You block the brown ugly thing's attack.
The cyan ugly thing gores you. The cyan ugly thing shocks you!
* * * LOW HITPOINT WARNING * * *
You hit the cyan ugly thing but do no damage.
The cyan ugly thing is almost dead.
The cyan ugly thing gores you but does no damage.
The brown ugly thing bites you but does no damage. x2
The cyan ugly thing gores you!
* * * LOW HITPOINT WARNING * * *
The cyan ugly thing shocks you!
* * * LOW HITPOINT WARNING * * *
Unknown command.
Unknown command.
Okay, then.
It was a potion of curing.
You feel better. The brown ugly thing bites you.
* * * LOW HITPOINT WARNING * * *
You are splashed with acid.
* * * LOW HITPOINT WARNING * * *
The cyan ugly thing gores you.
You die...

. #. ## ..##### .# .....
######### .# ###.##
#.....#u## .# .#...##
#.###..#@## .#
.....<###.#...###u####.#
............#..#.u...<.#
))....###.....#.########
)#...## ######### .#####
.# .# .#


You could see 3 ugly things.

Vanquished Creatures
  Josephine (D:12)
  A two-headed ogre (D:9)
  A harpy (shapeshifter) (D:14)
  An ugly thing (D:14)
  A manticore (D:11)
  A gargoyle (D:5)
  A komodo dragon (D:11)
  2 kobold demonologists
  2 trolls
  5 slime creatures
  A shadow (D:10)
  A vampire (D:12)
  4 wraiths (D:12)
  2 wyverns (D:8)
  2 yaks
  2 steam dragons (D:9)
  2 vampire mosquitoes (D:11)
  An acid dragon (D:9)
  A naga (shapeshifter) (D:14)
  6 water moccasins
  6 orc warriors
  2 black bears
  2 necrophages
  A sky beast (D:6)
  An ogre (D:5)
  5 centaurs
  A kobold brigand (D:11)
  6 scorpions
  A water moccasin zombie (D:5)
  3 wights (D:4)
  4 killer bees (D:10)
  An electric eel (D:11)
  A bullfrog zombie (D:5)
  3 centaur zombies
  Crazy Yiuf (D:6)
  3 centaur skeletons
  5 orc priests
  4 hounds
  2 jellies (D:5)
  A bullfrog skeleton (D:5)
  An iguana (D:3)
  6 orc wizards
  A killer bee zombie (D:7)
  A hound skeleton (D:5)
  A howler monkey zombie (D:5)
  5 gnolls
  A howler monkey skeleton (D:7)
  An adder (D:5)
  A white imp (D:8)
  5 dart slugs
  27 orcs
  12 ball pythons
  3 bats
  3 endoplasms
  3 giant cockroaches
  3 goblins
  4 hobgoblins
  6 jackals
  3 quokkas
  2 frilled lizards
  6 kobolds
  5 rats
191 creatures vanquished.

Vanquished Creatures (collateral kills)
  A hydra (D:11)
  A boulder beetle (D:14)
  A centaur warrior (D:13)
  A two-headed ogre (D:10)
  A manticore (D:12)
  Maurice (D:9)
  An unseen horror (D:12)
  2 kobold demonologists (D:11)
  A troll (D:12)
  2 slime creatures (D:14)
  6 yaks
  A shadow (D:9)
  4 wraiths
  A vampire mosquito (D:11)
  An acid dragon (D:11)
  A water moccasin (D:6)
  6 orc warriors
  A sky beast (D:5)
  5 centaurs (D:13)
  2 bullfrogs
  A gnoll sergeant (D:6)
  2 killer bees (D:10)
  2 wights (D:4)
  An electric eel (D:11)
  A bullfrog zombie (D:6)
  3 centaur zombies
  An orc priest (D:3)
  2 jellies
  A gnoll shaman (D:5)
  A hound (D:5)
  2 iguanas (D:5)
  2 orc wizards (D:11)
  A killer bee zombie (D:7)
  5 gnolls
  6 adders
  3 worms
  2 dart slugs
  16 orcs
  3 bats
  3 endoplasms
  A giant cockroach (D:4)
  2 goblins
  A hobgoblin (D:4)
  A ball python (D:3)
  2 kobolds (D:3)
105 creatures vanquished.

Vanquished Creatures (others)
  3 battlemagi
  An orc (D:11)
  55 plants
59 creatures vanquished.

Grand Total: 355 creatures vanquished

Notes
Turn   | Place    | Note
-------+----------+-------------------------------------------
     0 | D:1      | issech the Minotaur Monk began the quest for the Orb.
     0 | D:1      | Reached XP level 1. HP: 19/19 MP: 0/0
   481 | D:1      | Reached XP level 2. HP: 26/27 MP: 1/1
   546 | D:1      | Found a faded altar of an unknown god.
   560 | D:1      | Reached skill level 4 in Axes
  1028 | D:1      | Reached XP level 3. HP: 33/33 MP: 2/2
  1623 | D:2      | Found Fypyuhif's Weapon Shoppe.
  1674 | D:2      | Found a hazy altar of Hepliaklqana.
  1688 | D:2      | Became a worshipper of Hepliaklqana the Forgotten
  1688 | D:2      | Reached * piety under Hepliaklqana
  1688 | D:2      | Reached ** piety under Hepliaklqana
  1689 | D:2      | Remembered your ancestor Zdislav as a battlemage
  2327 | D:3      | Found Sezeopp's Distillery.
  2337 | D:3      | Bought a potion of degeneration for 11 gold pieces
  2415 | D:3      | Reached XP level 4. HP: 36/36 MP: 3/3
  2507 | D:3      | Found a basalt altar of Yredelemnul.
  2558 | D:3      | Reached skill level 5 in Axes
  2558 | D:3      | Reached skill level 1 in Armour
  2627 | D:3      | Reached XP level 5. HP: 30/42 MP: 4/4
  3207 | D:4      | Found a shimmering altar of Xom.
  3210 | D:4      | Found a shimmering altar of Xom.
  3222 | D:4      | Found a shimmering altar of Xom.
  3222 | D:4      | Found a shimmering altar of Xom.
  3242 | D:4      | Reached *** piety under Hepliaklqana
  3255 | D:4      | Reached XP level 6. HP: 47/47 MP: 5/5
  3259 | D:4      | Reached skill level 6 in Axes
  3514 | D:4      | Found a staircase to the Ecumenical Temple.
  3526 | Temple   | Entered the Ecumenical Temple
  3658 | D:4      | Reached skill level 7 in Axes
  3718 | D:4      | Found a shadowy altar of Dithmenos.
  3719 | D:4      | Found a white marble altar of Elyvilon.
  3732 | D:4      | Found a bloodstained altar of Trog.
  3732 | D:4      | Found a stormy altar of Qazlal.
  3733 | D:4      | Found a shimmering blue altar of Sif Muna.
  3735 | D:4      | Found an opulent altar of Gozag.
  3915 | D:5      | Entered Level 5 of the Dungeon
  3962 | D:5      | Reached XP level 7. HP: 37/54 MP: 6/6
  4010 | D:5      | Reached skill level 5 in Fighting
  4034 | D:5      | Reached skill level 8 in Axes
  4498 | D:5      | Noticed a gargoyle
  4503 | D:5      | Reached skill level 5 in Armour
  4503 | D:5      | Reached XP level 8. HP: 62/62 MP: 7/7
  4518 | D:5      | Reached skill level 9 in Axes
  4519 | D:5      | Killed a gargoyle
  5080 | D:6      | Reached skill level 10 in Axes
  5080 | D:6      | Found a broken altar of Ashenzari.
  5089 | D:6      | Reached XP level 9. HP: 68/70 MP: 8/8
  5594 | D:6      | Reached skill level 11 in Axes
  5893 | D:6      | Found a runed translucent door.
  5894 | D:6      | Noticed Crazy Yiuf
  6117 | D:6      | Killed Crazy Yiuf
  6802 | D:7      | Reached **** piety under Hepliaklqana
  7314 | D:8      | Reached skill level 12 in Axes
  7314 | D:8      | Reached skill level 1 in Shields
  7716 | D:8      | Reached XP level 10. HP: 75/77 MP: 9/9
  8221 | D:9      | Noticed a two-headed ogre
  8226 | D:9      | Killed a two-headed ogre
  8507 | D:9      | Found Duocs's Jewellery Shop.
  8612 | D:9      | Reached skill level 13 in Axes
  9122 | D:9      | Reached ***** piety under Hepliaklqana
  9402 | D:9      | Found a blossoming altar of Fedhas.
  9404 | D:9      | Noticed Maurice
  9414 | D:9      | Killed Maurice
  9415 | D:9      | Reached skill level 10 in Armour
  9593 | D:10     | Entered Level 10 of the Dungeon
  9730 | D:10     | Noticed a two-headed ogre
  9738 | D:10     | Reached XP level 11. HP: 83/85 MP: 10/10
  9748 | D:10     | Killed a two-headed ogre
 11147 | D:11     | Reached skill level 14 in Axes
 11297 | D:11     | Found a staircase to the Orcish Mines.
 11474 | D:11     | Reached skill level 5 in Shields
 11643 | D:11     | Reached skill level 1 in Slings
 11696 | D:11     | Reached skill level 10 in Fighting
 11713 | D:11     | Found a staircase to the Lair.
 11925 | D:11     | Noticed a five-headed hydra
 11932 | D:11     | Killed a ten-headed hydra
 12128 | D:12     | Noticed Josephine
 12212 | D:12     | Killed Josephine
 12334 | D:12     | Reached ****** piety under Hepliaklqana
 12348 | D:12     | Identified the +4 falchion of Dewewn {pain, Will+ Str+4}
 12836 | D:12     | Reached XP level 12. HP: 85/97 MP: 11/11
 13201 | D:12     | Identified the ring "Quyzuvuc" {rF+ rC+ AC+4}
 13452 | D:13     | Noticed a centaur warrior
 13458 | D:13     | Killed a centaur warrior
 13534 | D:13     | You fall into a shaft and drop 1 floor!
 13534 | D:14     | Noticed a boulder beetle
 13549 | D:14     | Killed a boulder beetle
 13617 | D:14     | Reached skill level 1 in Long Blades
 13879 | D:13     | HP: 2/99 [cyan ugly thing (16)]
 13880 | D:13     | Slain by a cyan ugly thing

Illustrated notes

Levels and vault maps discovered:
D:1:      lightli_iron_boxes, layout_basic, nicolae_ecumenical_snake_handling,
          minmay_statues_item
D:2:      layout_basic, basic_altar, serial_shops,
          nicolae_shop_bloodbath_and_beyond
D:3:      layout_loops_ring, lemuel_doored_altar, serial_shops, shop
D:4:      layout_basic, xom_redecorated, minitemple, minivault_14, minivault_14,
          minmay_surrounded
D:5:      cheibrodos_barr_body, layout_rooms
D:6:      layout_loops_cross, minmay_ruined_shrine, uniq_crazy_yiuf_cottage
D:7:      layout_loops_ring
D:8:      layout_cave_pods
D:9:      minmay_angry_zag, layout_stronghold, fedhas_altar_1, serial_shops,
          nicolae_shop_window_shopping, amcnicky_mini_pool_medium, uniq_maurice
D:10:     layout_layer_cave
D:11:     layout_loops_ring, david_lair_shrubbed, erik_orc_2,
          serial_bayou_pond_b, minmay_misc_feat_four_crosses
D:12:     layout_grid_maze, uniq_josephine
D:13:     layout_loops_cross, lightli_vaults_fourway_checkpoint,
          gammafunk_ghost_stat_death, uniq_frances
D:14:     layout_layer_cave, chequers_serial_rivers_marsh, david_greed,
          uniq_louise
Temple:   dshaligram_water_room_temple

Skill      XL: |  1  2  3  4  5  6  7  8  9 10 11 12 |
---------------+-------------------------------------+-----
Axes           | 4 5 7 8 10 12 13 14 | 14.5
Fighting       | 4 5 6 7 8 10 11 | 11.0
Stealth        | 2 3 4 |  4.1
Armour         | 1 2 3 5 7 9 10 12 13 | 13.3
Shields        | 1 4 6 7 |  7.0
Slings         | 4 |  4.1
Dodging        | 4 |  4.3
Long Blades    | 3 |  3.5
Throwing       | |  0.8

Action                   |  1- 3 |  4- 6 |  7- 9 | 10-12 || total
-------------------------+-------+-------+-------+-------++-------
Melee: Hand axe          |    89 |    67 |   227 |   292 ||   675
       Headbutt          |    12 |    14 |    57 |   106 ||   189
       Punch             |     2 |       |     1 |       ||     3
       Falchion          |       |       |       |    84 ||    84
 Fire: Hunting sling     |       |       |       |    17 ||    17
Throw: Stone             |       |       |     1 |     4 ||     5
       Dart              |       |       |     1 |       ||     1
Invok: Ancestor Life: Ba |     1 |       |       |       ||     1
       Recall Ancestor   |       |       |       |     1 ||     1
  Use: Scroll            |       |       |     7 |     4 ||    11
       Potion            |       |       |       |     1 ||     1
 Stab: Sleeping          |     3 |       |       |       ||     3
       Distracted        |       |       |     3 |     3 ||     6
Armor: Robe              |     9 |       |       |       ||     9
       Chain mail        |    28 |    19 |       |       ||    47
       Plate armour      |       |    44 |   149 |   275 ||   468
Dodge: Dodged            |    72 |    25 |    43 |   132 ||   272
Block: Buckler           |       |       |    22 |   123 ||   145
